 Dungeon Crawl Stone Soup version 0.24.1-4-ge52af88ad5 (webtiles) character file.

Game seed: 329846463116835677, levelgen mode: deterministic

472 lepoulpe303 the Archer (level 6, -3/51 HPs)
             Began as a Centaur Hunter on Apr 21, 2020.
             Slain by a mummy (16 damage)
             ... in an ossuary on Apr 22, 2020.
             The game lasted 00:15:32 (2750 turns).

lepoulpe303 the Archer (Centaur Hunter)             Turns: 2750, Time: 00:15:33

Health: -3/51      AC:  7    Str: 15    XL:     6   Next: 83%
Magic:  6/6        EV:  8    Int: 10    God:
Gold:   145        SH:  0    Dex: 11    Spells: 5/5 levels left

rFire    . . .     SeeInvis .   b - +1 shortbow
rCold    . . .     Gourm    .   (shield currently unavailable)
rNeg     . . .     Faith    .   n - +0 scale mail
rPois    .         Spirit   .   (no helmet)
rElec    .         Reflect  .   (no cloak)
rCorr    .         Harm     .   (no gloves)
MR       .....                  (no barding)
Stlth    ..........             (no amulet)
HPRegen  0.17/turn              l - +1 ring of protection
MPRegen  0.10/turn              (no ring)

@: slowed
A: large, hooves 3, deformed body, speed 2, tough skin 3
a: no special abilities


You were in an ossuary.
You were not hungry.

You visited 1 branch of the dungeon, and saw 4 of its levels.
You also visited: Ossuary.

You collected 145 gold pieces.

Inventory:

Hand Weapons
 a - a +0 short sword
 b - a +1 shortbow (weapon)
Missiles
 Q - 14 arrows (quivered)
Armour
 c - a +0 leather armour
 n - a +0 scale mail (worn)
Jewellery
 l - a +1 ring of protection (left hand)
Scrolls
 f - 3 scrolls of teleportation {unknown}
 i - 3 scrolls of identify
 j - 3 scrolls of remove curse {unknown}
 k - a scroll of blinking {unknown}
 r - a scroll of fog {unknown}
Potions
 d - 2 potions of flight {unknown}
 g - a potion of invisibility {unknown}
 h - a potion of mutation {unknown}
 o - a potion of agility {unknown}
 p - a potion of might {unknown}
 q - a potion of heal wounds {unknown}
 s - a potion of brilliance {unknown}
 t - a potion of berserk rage {unknown}
 u - a potion of lignification {unknown}
Comestibles
 e - 5 rations


   Skills:
 + Level 3.6 Fighting
 * Level 8.1 Bows
 * Level 2.0 Armour
 + Level 2.7 Dodging
 - Level 0.4 Stealth


You had 5 spell levels left.
You didn't know any spells.
Your spell library was empty.

Dungeon Overview and Level Annotations

Branches:
Dungeon (4/15)            Ossuary (1/1)
 Temple: D:4-7

Altars:
Fedhas
Nemelex Xobeh
Wu Jian
Yredelemnul


Innate Abilities, Weirdness & Mutations

You have hooves in place of feet.
Armour fits poorly on your strangely shaped body.
You cover ground very quickly.
You have extremely tough skin. (AC +3)


Message History

Aim: a bog mummy (severely damaged)
You shoot an arrow. The arrow hits the bog mummy.
The bog mummy closely misses you.
Firing (i - inventory)
Q - 18 arrows (quivered)
Aim: a bog mummy (almost destroyed)
You shoot an arrow. The arrow barely misses the bog mummy.
The arrow hits the mummy.
The bog mummy points at you and mumbles some strange words.
You feel yourself slow down.
Firing (i - inventory)
Q - 17 arrows (quivered)
Aim: a bog mummy (almost destroyed)
You shoot an arrow. The arrow hits the bog mummy!
You destroy the bog mummy!
Firing (i - inventory)
Q - 16 arrows (quivered)
Aim: a mummy (lightly damaged)
You shoot an arrow. The arrow barely misses the mummy.
Firing (i - inventory)
Q - 15 arrows (quivered)
Aim: a mummy (lightly damaged)
You shoot an arrow. The arrow hits the mummy!
The mummy hits you!
You die...

≈# M' #####≈#
#∩..#Z' #.@.#Z###
#.M.#≈'.
#.##+##+##(##≈##≈≈#
'..M......(≈.≈.P≈#
#'#+#+#+#+#.≈.≈#≈≈#
#.#.## #####


You could see a mummy.

Levels and vault maps discovered:
D:1:      wander_arrival_chamber, layout_basic
D:2:      layout_rooms, nicolae_overflow_crystal_walls,
          yredelemnul_altar_generic, fedhas_altar_3
D:3:      layout_basic, first_ration, nemelex_dance_club_becter, uniq_jessica
D:4:      layout_layer_cave, grunt_dithmenos_shadows, kennysheep_mini,
          lemuel_crystal_altar, enter_ossuary_4
Ossuary:  ossuary_zaba_flooded

Notes
Turn   | Place    | Note
-------+----------+-------------------------------------------
     0 | D:1      | lepoulpe303 the Centaur Hunter began the quest for the Orb.
     0 | D:1      | Reached XP level 1. HP: 17/17 MP: 1/1
    11 | D:1      | Identified a +0 dagger
    26 | D:1      | Identified a +1 shortbow
    27 | D:1      | Identified a +0 short sword
    66 | D:1      | Identified a +0 club
   144 | D:1      | Identified a +0 dagger
   152 | D:1      | Reached XP level 2. HP: 24/24 MP: 2/2
   518 | D:2      | Identified a +0 short sword
   568 | D:2      | Identified a +0 club
   568 | D:2      | Noticed a sky beast
   608 | D:2      | Found a blossoming altar of Fedhas.
   791 | D:2      | Identified a +0 club
   797 | D:2      | Reached skill level 6 in Bows
   834 | D:2      | Found a basalt altar of Yredelemnul.
   925 | D:2      | Reached XP level 3. HP: 30/30 MP: 3/3
  1049 | D:2      | Found an ornate altar of the Wu Jian Council.
  1087 | D:2      | Killed a sky beast
  1087 | D:2      | Reached skill level 3 in Fighting
  1087 | D:2      | Reached skill level 2 in Dodging
  1087 | D:2      | Reached XP level 4. HP: 21/38 MP: 4/4
  1260 | D:2      | lepoulpe303: !whichgod cnhu
  1260 | D:2      | meem: No keyword 'cnhu'
  1260 | D:2      | lepoulpe303: !whichgod cehu
  1260 | D:2      | meem: 235 recent wins for cehu: 161x Okawaru, 17x Gozag,
                  | 15x The Shining One, 7x Zin, 7x Dithmenos, 6x Fedhas, 4x
                  | Trog, 3x Uskayaw, 3x Ru, 2x Cheibriados, 2x Hepliaklqana,
                  | 2x Xom, 2x Elyvilon, 2x Nemelex Xobeh, Yredelemnul, Lugonu
  1326 | D:2      | Identified a +0 club
  1385 | D:2      | Identified a +0 scale mail (You found it on level 2 of the
                  | Dungeon)
  1660 | D:3      | Identified a +0 trident
  1665 | D:3      | Identified a +0 short sword
  1672 | D:3      | Reached skill level 7 in Bows
  1716 | D:3      | Identified a +0 club
  1717 | D:3      | Identified 4 scrolls of identify
  1717 | D:3      | Identified a ring of protection (You found it on level 2 of
                  | the Dungeon)
  1730 | D:3      | Reached XP level 5. HP: 45/45 MP: 5/5
  1736 | D:3      | Found a sparkling altar of Nemelex Xobeh.
  1745 | D:3      | Identified a +0 club
  1745 | D:3      | Identified a +0 robe
  1745 | D:3      | Noticed Jessica
  1754 | D:3      | Killed Jessica
  1898 | D:3      | Identified a +0 dagger
  1898 | D:3      | Identified a +0 robe
  1900 | D:3      | Identified a +0 leather armour
  1900 | D:3      | Identified a +0 whip
  1900 | D:3      | Identified a +0 leather armour
  1902 | D:3      | Identified a +0 hand axe
  2054 | D:4      | Reached skill level 1 in Armour
  2156 | D:4      | Identified a cursed -3 dagger
  2156 | D:4      | Identified a +0 robe
  2157 | D:4      | Identified a cursed -1 hand axe
  2157 | D:4      | Identified a +0 whip
  2157 | D:4      | Identified a +0 leather armour
  2157 | D:4      | Identified a +0 short sword
  2208 | D:4      | Reached XP level 6. HP: 15/51 MP: 6/6
  2217 | D:4      | Found a sand-covered staircase.
  2224 | Ossuary  | Entered an ossuary
  2724 | Ossuary  | Reached skill level 8 in Bows
  2734 | Ossuary  | Reached skill level 2 in Armour
  2739 | Ossuary  | HP: 11/51 [bog mummy/puff of frost (9)]
  2750 | Ossuary  | Slain by a mummy

Table legend:
 A = Turns spent in this place as a percentage of turns spent in the entire game.
 B = Non-inter-level travel turns spent in this place as a percentage of non-inter-level travel turns spent in the entire game.
 C = Inter-level travel turns spent in this place as a percentage of turns spent in this place.
 D = Turns resting spent in this place as a percentage of non-inter-level travel turns spent in this place.
 E = Turns spent auto-exploring this place as a percentage of non-inter-level travel turns spent in this place.
 F = Non-inter-level travel turns spent in this place divided by the number of levels of this place that you've seen.
                   A       B       C       D       E      F
               +-------+-------+-------+-------+-------+----------------------
         Total | 100.0 | 100.0 |   1.8 |  32.0 |  42.9 | 540.0
       Dungeon |  80.9 |  80.5 |   2.2 |  22.1 |  53.3 | 543.5
       Ossuary |  19.1 |  19.5 |   0.0 |  73.2 |   0.0 | 526.0
               +-------+-------+-------+-------+-------+----------------------

Table legend:
 A = Kills in this place as a percentage of kills in entire the game.
 B = Kills by you in this place as a percentage of kills by you in the entire game.
 C = Kills by friends in this place as a percentage of kills by friends in the entire game.
 D = Other kills in this place as a percentage of other kills in the entire game.
 E = Experience gained in this place as a percentage of experience gained in the entire game.
 F = Experience gained in this place divided by the number of levels of this place that you have seen.
                   A       B       C       D       E      F
               +-------+-------+-------+-------+-------+----------------------
         Total | 100.0 | 100.0 |   N/A |   N/A | 100.0 | 135.0
       Dungeon |  79.2 |  79.2 |   N/A |   N/A |  56.4 |  95.2
       Ossuary |  20.8 |  20.8 |   N/A |   N/A |  43.6 | 294.0
               +-------+-------+-------+-------+-------+----------------------

Skill      XL: |  1  2  3  4  5  6 |
---------------+-------------------+-----
Bows           | 6 7 8 |  8.1
Fighting       | 3 |  3.6
Dodging        | 2 |  2.7
Armour         | 1 2 |  2.0
Stealth        | |  0.4

Action                   |  1- 3 |  4- 6 || total
-------------------------+-------+-------++-------
Melee: Short sword       |    57 |   121 ||   178
       Kick              |     9 |    36 ||    45
 Fire: Shortbow          |    39 |    58 ||    97
  Use: Scroll            |       |     1 ||     1
  Eat: Chunk             |       |     3 ||     3
       Ration            |       |     1 ||     1
Armor: Leather armour    |    26 |     2 ||    28
       Scale mail        |       |    77 ||    77
Dodge: Dodged            |    30 |    61 ||    91

Vanquished Creatures
  A sky beast (D:2)
  3 centaur zombies (Ossuary)
  A bullfrog zombie (Ossuary)
  Jessica (D:3)
  An iguana (D:4)
  2 orc wizards
  A hound zombie (Ossuary)
  2 mummies (Ossuary)
  2 worker ant zombies (Ossuary)
  2 oozes
  An adder zombie (Ossuary)
  A worm (D:3)
  A dart slug (D:1)
  2 leopard geckos
  8 orcs
  7 goblins
  5 hobgoblins
  3 kobolds
  3 quokkas
  A ball python zombie (Ossuary)
  4 bats
  8 frilled lizards
  A jackal zombie (Ossuary)
  A leopard gecko zombie (Ossuary)
  2 quokka zombies (Ossuary)
  8 rats
72 creatures vanquished.

Vanquished Creatures (others)
  3 withered plants (Ossuary)
3 creatures vanquished.

Grand Total: 75 creatures vanquished
